 Dungeon Crawl Stone Soup version 0.14.1-26-g5a19342 (webtiles) character file.

264 Kae the Sneak (level 4, -3/21 HPs)
             Began as a Spriggan Enchanter on Aug 1, 2014.
             Slain by a mummy (17 damage)
             ... in an ossuary.
             The game lasted 00:03:20 (1960 turns).

Kae the Sneak (Spriggan Enchanter)                  Turns: 1960, Time: 00:03:20

HP  -3/21        AC  4     Str  5      XL: 4   Next: 77%
MP  11/13        EV 18     Int 16      God:
Gold 143         SH  0     Dex 16      Spells:  3 memorised,  3 levels left

rFire  . . .     SeeInvis +     a - +2,+1 dagger (curse)
rCold  . . .     Clarity  .     b - +2 robe (curse)
rNeg   . . .     Conserve .     (shield restricted)
rPois  .         rCorr    .     (helmet restricted)
rElec  .         rRot     .     (no cloak)
SustAb . .       Spirit   .     (gloves unavailable)
rMut   .         Warding  .     (boots unavailable)
Saprov . . .     Stasis   .     (no amulet)
MR     .....                    (no ring)
                                (no ring)

@: very quick, not resistant to hostile enchantments, quite stealthy
A: unfitting armour, see invisible, herbivore 3, speed 3, slow metabolism 2
a: no special abilities


You were in an ossuary.
You were not hungry.

You visited 1 branch of the dungeon, and saw 4 of its levels.
You also visited: Ossuary.

You collected 143 gold pieces.

Inventory:

Hand weapons
 a - a cursed +2,+1 dagger (weapon)
Missiles
 d - 12 darts (quivered)
Armour
 b - a cursed +2 robe (worn)
Comestibles
 m - a cheese
 o - a choko
 r - 2 bread rations
 s - 11 grapes
 t - 2 sultanas
 w - an apricot
Scrolls
 f - a scroll of random uselessness
 g - a scroll of remove curse
 j - 2 scrolls of identify
 q - a scroll of enchant armour
 y - a scroll of fog
 C - a scroll of noise
Jewellery
 E - an uncursed ring of teleportation
Potions
 e - a potion of porridge
 h - 3 potions of agility
 i - 4 potions of curing {unknown}
 n - 3 potions of might {unknown}
 p - a potion of confusion {unknown}
 u - a potion of cure mutation {unknown}
 v - a potion of degeneration {unknown}
 z - a potion of brilliance {unknown}
 B - 3 potions of berserk rage {unknown}
 F - a potion of paralysis {unknown}
Books
 c - a book of Maledictions

   Spells                             Type                      Level
   *Corona                            Hexes                        1
   Sure Blade                         Hexes/Charms                 2
   *Ensorcelled Hibernation           Hexes/Ice                    2
   *Confuse                           Hexes                        3
   Enslavement                        Hexes                        4
   Invisibility                       Hexes                        6


   Skills:
 * Level 3.0 Short Blades
 - Level 1.1 Throwing
 - Level 3.0 Dodging
 * Level 5.3 Stealth
 + Level 3.4 Spellcasting
 + Level 4.1 Hexes


You had 3 spell levels left.
You knew the following spells:

 Your Spells              Type           Power        Failure   Level  Hunger
a - Corona                Hex            ###....      3%          1    None
b - Ensorcelled Hibernat  Hex/Ice        #.....       14%         2    ##.....
c - Confuse               Hex            ###.....     12%         3    ###....


Dungeon Overview and Level Annotations

Branches:
Dungeon (4/15)
 Temple: D:4-7

Altars:


Innate Abilities, Weirdness & Mutations

You are tiny and cannot use many weapons and most armour.
You have supernaturally acute eyesight.
You are a herbivore.
You cover ground extremely quickly.
You need consume almost no food.


Message History

You feel nervous for a moment...
Your +2 robe glows black for a moment.
Your Short Blades skill increases to level 3!
Found a gate leading back out of here.
A mummy comes into view.
You hit the human zombie. The human zombie barely misses you.
The human zombie hits you but does no damage.
The big kobold zombie barely misses you.
The human zombie hits you.
You hit the jackal zombie but do no damage.
The jackal zombie bites you but does no damage.
You completely miss the jackal zombie. The jackal zombie closely misses you.
The jackal zombie bites you but does no damage.
Found 37 gold pieces.
Found 14 gold pieces.
You hit the mummy but do no damage.
The jackal zombie completely misses you.
The mummy hits you!
Ouch! That really hurt!
You die...

..................
...................
.................# #
................# .#
.....∩......z...# ∩#
.....∩..........##..#
.....z...........#..#
.......z.....z......#
.............##z@...#
.......z.....##M....#
....................#
.z..................#
...#####.........####
.................#$$#
.....∩...........+$$#
#####################


You could see a mummy, an adder zombie, a rat zombie and a jackal zombie.

Vanquished Creatures
  A worker ant (D:4)
  2 mummies (Ossuary)
  3 adders
  3 giant geckos
  An ooze (D:2)
  2 ball pythons
  9 bats
  A giant cockroach (D:1)
  5 goblins
  4 hobgoblins
  A giant newt (D:2)
  A jackal zombie (Ossuary)
  6 kobolds
  5 rats
  A rat skeleton (D:3)
45 creatures vanquished.

Vanquished Creatures (others)
  A hobgoblin zombie (Ossuary)
1 creature vanquished.

Grand Total: 46 creatures vanquished

Notes
Turn   | Place    | Note
--------------------------------------------------------------
     0 | D:1      | Kae, the Spriggan Enchanter, began the quest for the Orb.
     0 | D:1      | Reached XP level 1. HP: 9/9 MP: 4/4
   191 | D:1      | Reached XP level 2. HP: 11/13 MP: 7/7
   241 | D:1      | Learned a level 2 spell: Ensorcelled Hibernation
   719 | D:2      | Reached XP level 3. HP: 3/16 MP: 8/11
   725 | D:2      | Reached skill level 4 in Stealth
  1608 | D:3      | Learned a level 3 spell: Confuse
  1645 | D:3      | Reached XP level 4. HP: 21/21 MP: 13/13
  1863 | D:4      | Found a sand-covered staircase.
  1884 | Ossuary  | Entered an ossuary
  1899 | Ossuary  | Reached skill level 5 in Stealth
  1960 | Ossuary  | Slain by a mummy

Action                   |  1- 3 |  4- 6 || total
-------------------------+-------+-------++-------
Melee: Dagger            |   114 |    23 ||   137
 Cast: Ensorcelled Hiber |    10 |     5 ||    15
  Use: Scroll            |       |    11 ||    11
 Stab: Sleeping          |    13 |     5 ||    18
